3L
AUSTIN RANGERS @ SEATTLE AVIATORS
09/03/2023
 
TOP OF THE 1ST
Austin Rangers batting - Pitching for Seattle Aviators : LHP Dan Mitchell
Pitching: LHP Dan Mitchell
Batting: RHB Tony Hernández 0-0: Ball
1-0: Ball
2-0: Fly out, F8 (Flyball, 8LD)
Batting: RHB Pablo Trujillo 0-0: Ball
1-0: SINGLE (Groundball, 56)
Batting: LHB Jesús Reyes 0-0: Ball
1-0: DOUBLE (Flyball, 8RXD)
Pablo Trujillo to third
Runner from 3rd tries for Home, SAFE, no throw or cutoff
Batting: LHB Yun Yen 0-0: Ball
1-0: Ball
2-0: Called Strike
2-1: Fly out, F7 (Line Drive, 78M)
Batting: RHB Jeff Green 0-0: Foul Ball, location: 2F
0-1: Ball
1-1: Ball
2-1: Called Strike
2-2: Ball
3-2: Strikes out swinging
Top of the 1st over - 1 run(s), 2 hit(s), 0 error(s), 1 left on base; Austin 1 - Seattle 0
BOTTOM OF THE 1ST
Seattle Aviators batting - Pitching for Austin Rangers : RHP Art Adams
Pitching: RHP Art Adams
Batting: LHB Kenny Webster 0-0: Ball
1-0: Called Strike
1-1: Foul Ball, location: 2F
1-2: Ball
2-2: Ball
3-2: SINGLE (Line Drive, 7LS)
Batting: RHB Brian Williams 0-0: Called Strike
0-1: SINGLE (Line Drive, 7S)
Kenny Webster to second
Batting: RHB Sean Davis 0-0: Foul Ball, location: 2F
0-1: Ball
1-1: DOUBLE (Line Drive, 5)
Kenny Webster scores
Brian Williams to third
Batting: LHB Jorge Mojica 0-0: Ball
1-0: Ball
2-0: Ball
3-0: Base on Balls
Batting: RHB Tanyu Kimura 0-0: Ball
1-0: Foul Ball, location: 2F
1-1: Swinging Strike
1-2: Strikes out looking
Batting: RHB Kenzaburo Hori 0-0: Called Strike
0-1: Ball
1-1: Foul Ball, location: 2F
1-2: Foul Ball, location: 2F
1-2: Strikes out swinging
Batting: RHB Vernon Caw 0-0: Foul Ball, location: 2F
0-1: Foul Ball, location: 2F
0-2: Ball
1-2: Ball
2-2: Fielders Choice at 2nd, U6 (Groundball, 6M)
Bottom of the 1st over - 1 run(s), 3 hit(s), 0 error(s), 3 left on base; Austin 1 - Seattle 1
TOP OF THE 2ND
Austin Rangers batting - Pitching for Seattle Aviators : LHP Dan Mitchell
Batting: RHB José Muñóz 0-0: Ball
1-0: Swinging Strike
1-1: Swinging Strike
1-2: Strikes out swinging
Batting: RHB Yuji Ine 0-0: Ball
1-0: Fly out, F4 (Popup, 3F)
Batting: LHB Motoshige Kitamura 0-0: Ball
1-0: Called Strike
1-1: Ball
2-1: Foul Ball, location: 2F
2-2: Foul Ball, location: 2F
2-2: Foul Ball, location: 2F
2-2: Foul Ball, location: 2F
2-2: Ball
3-2: Strikes out swinging
Top of the 2nd over - 0 run(s), 0 hit(s), 0 error(s), 0 left on base; Austin 1 - Seattle 1
BOTTOM OF THE 2ND
Seattle Aviators batting - Pitching for Austin Rangers : RHP Art Adams
Batting: RHB Randolph Davis 0-0: Called Strike
0-1: Ball
1-1: Foul Ball, location: 2F
1-2: Ball
2-2: Fly out, F2 (Popup, 23)
Batting: RHB Clarence Fox 0-0: Foul Ball, location: 2F
0-1: Foul Ball, location: 2F
0-2: Ball
1-2: Fly out, F5 (Popup, 56S)
Batting: LHB Kenny Webster 0-0: Ball
1-0: Foul Ball, location: 2F
1-1: Foul Ball, location: 2F
1-2: Ball
2-2: Reached on error, E3 (Groundball, 3L)
Batting: RHB Brian Williams 0-0: Foul Ball, location: 2F
0-1: 2-RUN HOME RUN (Flyball, 78XD), Distance : 384 ft
Batting: RHB Sean Davis 0-0: Foul Ball, location: 2F
0-1: SINGLE (Line Drive, 9S)
Batting: LHB Jorge Mojica 0-0: Ball
1-0: Ball
2-0: Ball
3-0: Called Strike
3-1: SINGLE (Line Drive, 34D)
Sean Davis to second
Runner from 2nd tries for 3rd, SAFE, throw made to third
Batting: RHB Tanyu Kimura 0-0: Called Strike
0-1: Ball
1-1: SINGLE (Line Drive, 6MD)
Sean Davis scores
Jorge Mojica to second
Batting: RHB Kenzaburo Hori 0-0: Foul Ball, location: 2F
0-1: Fielders Choice at 2nd, U6 (Groundball, 6M)
Bottom of the 2nd over - 3 run(s), 4 hit(s), 1 error(s), 2 left on base; Austin 1 - Seattle 4
TOP OF THE 3RD
Austin Rangers batting - Pitching for Seattle Aviators : LHP Dan Mitchell
Batting: RHB Joaquín Parra 0-0: Ball
1-0: Ball
2-0: Foul Ball, location: 2F
2-1: SINGLE (Line Drive, 4M)
Batting: RHB Tony Hernández 0-0: Swinging Strike
Joaquín Parra is caught stealing 2nd base
0-1: Foul Ball, location: 2F
0-2: Ground out 1-3 (Groundball, 15)
Batting: RHB Pablo Trujillo 0-0: Foul Ball, location: 2F
0-1: Fly out, F5 (Popup, 5F)
Top of the 3rd over - 0 run(s), 1 hit(s), 0 error(s), 0 left on base; Austin 1 - Seattle 4
BOTTOM OF THE 3RD
Seattle Aviators batting - Pitching for Austin Rangers : RHP Art Adams
Batting: RHB Vernon Caw 0-0: Called Strike
0-1: Fly out, F9 (Flyball, 9M)
Batting: RHB Randolph Davis 0-0: Ball
1-0: Foul Ball, location: 2F
1-1: Ball
2-1: Swinging Strike
2-2: Strikes out looking
Batting: RHB Clarence Fox 0-0: Foul Ball, location: 2F
0-1: Called Strike
0-2: Strikes out looking
Bottom of the 3rd over - 0 run(s), 0 hit(s), 0 error(s), 0 left on base; Austin 1 - Seattle 4
TOP OF THE 4TH
Austin Rangers batting - Pitching for Seattle Aviators : LHP Dan Mitchell
Batting: LHB Jesús Reyes 0-0: Foul Ball, location: 2F
0-1: Swinging Strike
0-2: Ball
1-2: Ball
2-2: Strikes out swinging
Batting: LHB Yun Yen 0-0: Ball
1-0: Ball
2-0: SINGLE (Line Drive, 9S)
Batting: RHB Jeff Green 0-0: Ball
1-0: Foul Ball, location: 2F
1-1: Ball
2-1: Swinging Strike
2-2: SINGLE (Groundball, 56D)
Yun Yen to second
Batting: RHB José Muñóz 0-0: Ball
1-0: Grounds into double play, 6-4-3 (Groundball, 56)
Top of the 4th over - 0 run(s), 2 hit(s), 0 error(s), 1 left on base; Austin 1 - Seattle 4
BOTTOM OF THE 4TH
Seattle Aviators batting - Pitching for Austin Rangers : RHP Art Adams
Batting: LHB Kenny Webster 0-0: Fly out, F6 (Line Drive, 6M)
Batting: RHB Brian Williams 0-0: Ball
1-0: Ball
2-0: Fly out, F8 (Line Drive, 8LD)
Batting: RHB Sean Davis 0-0: Ball
1-0: SINGLE (Line Drive, 4D)
Batting: LHB Jorge Mojica 0-0: Ball
1-0: Swinging Strike
1-1: Foul Ball, location: 2F
1-2: Strikes out swinging
Bottom of the 4th over - 0 run(s), 1 hit(s), 0 error(s), 1 left on base; Austin 1 - Seattle 4
TOP OF THE 5TH
Austin Rangers batting - Pitching for Seattle Aviators : LHP Dan Mitchell
Batting: RHB Yuji Ine 0-0: Ball
1-0: Foul Ball, location: 2F
1-1: Foul Ball, location: 2F
1-2: Strikes out swinging
Batting: LHB Motoshige Kitamura 0-0: Called Strike
0-1: Foul Ball, location: 2F
0-2: Ball
1-2: DOUBLE (Groundball, 3L)
Batting: RHB Joaquín Parra 0-0: Called Strike
0-1: SINGLE (Line Drive, 56)
Motoshige Kitamura to third
Batting: RHB Tony Hernández 0-0: Called Strike
0-1: Foul Ball, location: 2F
0-2: Ball
1-2: Foul Ball, location: 2F
1-2: Ball
2-2: Foul Ball, location: 2F
2-2: Foul Ball, location: 2F
2-2: Ball
3-2: Fly out, F8 (Flyball, 8RS)
3-2: Fly out, F8 (Flyball, 8RS)
Batting: RHB Pablo Trujillo 0-0: Called Strike
0-1: Foul Ball, location: 2F
0-2: Ball
1-2: Fly out, F7 (Line Drive, 7M)
Top of the 5th over - 0 run(s), 2 hit(s), 0 error(s), 2 left on base; Austin 1 - Seattle 4
BOTTOM OF THE 5TH
Seattle Aviators batting - Pitching for Austin Rangers : RHP Art Adams
Batting: RHB Tanyu Kimura 0-0: SINGLE (Groundball, 5L)
Batting: RHB Kenzaburo Hori 0-0: Bunted foul
0-1: Ball
1-1: Bunt missed!
1-2: Foul Ball, location: 2F
1-2: Ball
2-2: Ball
3-2: Foul Ball, location: 2F
3-2: Fly out, F9 (Flyball, 89D)
Batting: RHB Vernon Caw 0-0: Fly out, F7 (Flyball, 7LD)
Now in LF: Joseph Pate
Batting: RHB Randolph Davis 0-0: Called Strike
0-1: Fly out, F6 (Popup, 56D)
Bottom of the 5th over - 0 run(s), 1 hit(s), 0 error(s), 1 left on base; Austin 1 - Seattle 4
TOP OF THE 6TH
Austin Rangers batting - Pitching for Seattle Aviators : LHP Dan Mitchell
Batting: LHB Jesús Reyes 0-0: Swinging Strike
0-1: Fly out, F8 (Flyball, 8LXD)
Batting: LHB Yun Yen 0-0: Ball
1-0: Ball
2-0: Foul Ball, location: 2F
2-1: Foul Ball, location: 2F
2-2: Ball
3-2: Ground out 4-3 (Groundball, 4)
Batting: RHB Jeff Green 0-0: Ball
1-0: Called Strike
1-1: Ball
2-1: DOUBLE (Line Drive, 7LS)
Batting: RHB Joseph Pate 0-0: Called Strike
0-1: Ball
1-1: Foul Ball, location: 2F
1-2: Strikes out swinging
Top of the 6th over - 0 run(s), 1 hit(s), 0 error(s), 1 left on base; Austin 1 - Seattle 4
BOTTOM OF THE 6TH
Seattle Aviators batting - Pitching for Austin Rangers : RHP Art Adams
Batting: RHB Clarence Fox 0-0: Called Strike
0-1: Ball
1-1: Ball
2-1: Fly out, F8 (Flyball, 8RM)
Batting: LHB Kenny Webster 0-0: Ball
1-0: Called Strike
1-1: Foul Ball, location: 2F
1-2: Ball
2-2: Fly out, F7 (Flyball, 7LS)
Batting: RHB Brian Williams 0-0: Foul Ball, location: 2F
0-1: Ball
1-1: Foul Ball, location: 2F
1-2: Ball
2-2: Strikes out swinging
Bottom of the 6th over - 0 run(s), 0 hit(s), 0 error(s), 0 left on base; Austin 1 - Seattle 4
TOP OF THE 7TH
Austin Rangers batting - Pitching for Seattle Aviators : LHP Dan Mitchell
Batting: RHB Yuji Ine 0-0: SINGLE (Groundball, 15S) (infield hit)
Batting: LHB Motoshige Kitamura Pickoff Throw to First - Out!
0-0: Ball
1-0: Called Strike
1-1: Ball
2-1: Ground out 3-1 (Groundball, 34)
Batting: RHB Joaquín Parra 0-0: SINGLE (Flyball, 89M)
Pitching: RHP Bill Schneider
Batting: RHB Tony Hernández 0-0: Ball
1-0: Ball
2-0: Foul Ball, location: 2F
2-1: Ball
3-1: Called Strike
3-2: Foul Ball, location: 2F
3-2: Foul Ball, location: 2F
3-2: Foul Ball, location: 2F
3-2: SINGLE (Line Drive, 8LS)
Joaquín Parra to second
Joaquín Parra to third
Batting: RHB Pablo Trujillo 0-0: Ground out 1-3 (Groundball, 25)
Top of the 7th over - 0 run(s), 3 hit(s), 0 error(s), 2 left on base; Austin 1 - Seattle 4
BOTTOM OF THE 7TH
Seattle Aviators batting - Pitching for Austin Rangers : RHP Art Adams
Batting: RHB Sean Davis 0-0: Ball
1-0: Called Strike
1-1: Ball
2-1: Foul Ball, location: 2F
2-2: Ball
3-2: Foul Ball, location: 2F
3-2: Fly out, F8 (Line Drive, 8RD)
Batting: LHB Jorge Mojica 0-0: Ball
1-0: Ground out 5-3 (Groundball, 15S)
Batting: RHB Tanyu Kimura 0-0: SINGLE (Line Drive, 9LS)
Pitching: RHP Miguel Herrera
Batting: RHB Kenzaburo Hori 0-0: Ball
1-0: Ball
2-0: Swinging Strike
2-1: Ball
3-1: Base on Balls
Tanyu Kimura to second
Batting: RHB Vernon Caw 0-0: Fly out, F7 (Line Drive, 7M)
Bottom of the 7th over - 0 run(s), 1 hit(s), 0 error(s), 2 left on base; Austin 1 - Seattle 4
TOP OF THE 8TH
Austin Rangers batting - Pitching for Seattle Aviators : RHP Bill Schneider
Batting: LHB Jesús Reyes 0-0: Ball
1-0: Foul Ball, location: 2F
1-1: Ground out 1-3 (Groundball, 13)
Batting: LHB Yun Yen 0-0: Called Strike
0-1: Ball
1-1: Called Strike
1-2: Ball
2-2: DOUBLE (Line Drive, 3D)
Pitching: RHP Ken Frost
Batting: RHB Jeff Green 0-0: Ball
1-0: Ball
2-0: Swinging Strike
2-1: Ball
3-1: Called Strike
3-2: Foul Ball, location: 2F
3-2: Strikes out swinging
Batting: RHB Joseph Pate 0-0: Foul Ball, location: 2F
0-1: Swinging Strike
0-2: Ball
1-2: Ball
2-2: Ball
3-2: Ground out 4-3 (Groundball, 34)
Top of the 8th over - 0 run(s), 1 hit(s), 0 error(s), 1 left on base; Austin 1 - Seattle 4
BOTTOM OF THE 8TH
Seattle Aviators batting - Pitching for Austin Rangers : RHP Miguel Herrera
Batting: RHB Randolph Davis 0-0: Called Strike
0-1: Ground out 6-3 (Groundball, 6M)
Batting: RHB Clarence Fox 0-0: Ground out 1-3 (Groundball, 15S)
Batting: LHB Kenny Webster 0-0: Called Strike
0-1: Called Strike
0-2: Ground out 6-3 (Groundball, 6M)
Bottom of the 8th over - 0 run(s), 0 hit(s), 0 error(s), 0 left on base; Austin 1 - Seattle 4
TOP OF THE 9TH
Austin Rangers batting - Pitching for Seattle Aviators : RHP Ken Frost
Pitching: RHP Ken Hinkle
Batting: RHB Yuji Ine 0-0: Ball
1-0: Swinging Strike
1-1: Swinging Strike
1-2: Foul Ball, location: 2F
1-2: Foul Ball, location: 2F
1-2: Strikes out looking
Batting: LHB Motoshige Kitamura 0-0: Swinging Strike
0-1: Ball
1-1: Foul Ball, location: 2F
1-2: Ball
2-2: Ball
3-2: Strikes out swinging
Batting: RHB Joaquín Parra 0-0: Called Strike
0-1: Foul Ball, location: 2F
0-2: Ball
1-2: Ball
2-2: Foul Ball, location: 2F
2-2: Ball
3-2: Strikes out swinging
Top of the 9th over - 0 run(s), 0 hit(s), 0 error(s), 0 left on base; Austin 1 - Seattle 4
This league is powered by Out of the Park Baseball, the baseball management simulation game for PC, Mac and Linux
Friday, July 8th, 2016 - OOTP Baseball 16.9 Build 39